 Dungeon Crawl Stone Soup version 0.17-a0-1838-g891d947 (webtiles) character file.

623 kae the Carver (level 7, -3/46 HPs)
             Began as a High Elf Fighter on Sept 15, 2015.
             Killed from afar by Dowan (15 damage)
             ... with a shard of ice
             ... on level 4 of the Dungeon.
             The game lasted 00:06:06 (5524 turns).

kae the Carver (High Elf Fighter)                   Turns: 5524, Time: 00:06:07

Health: -3/46      AC:  7    Str: 15    XL:     7   Next: 22%
Magic:  8/8        EV:  8    Int: 12    God:
Gold:   188        SH:  5    Dex: 17    Spells: 0 memorised, 6 levels left

rFire  . . .     SeeInvis .     a - +0 long sword
rCold  . . .     Clarity  .     b - +1 scale mail
rNeg   . . .     SustAt   .     o - +0 buckler
rPois  .         Gourm    .     (no helmet)
rElec  .         Spirit   .     (no cloak)
rCorr  .         Warding  .     (no gloves)
rMut   .         Stasis   .     (no boots)
MR     .....                    (no amulet)
Stlth  ..........               (no ring)
                                j - ring of invisibility

@: lethally poisoned (-3 -> -19), not resistant to hostile enchantments,
extremely unstealthy
A: no striking features
a: Evoke Invisibility


You were on level 4 of the Dungeon.
You were not hungry.

You visited 2 branches of the dungeon, and saw 5 of its levels.

You collected 188 gold pieces.

Inventory:

Hand weapons
 a - a +0 long sword (weapon)
Armour
 b - a +1 scale mail (worn)
 c - a +0 shield
 o - a +0 buckler (worn)
Jewellery
 j - a ring of invisibility (left hand)
Magical devices
 p - a wand of digging (11)
 s - a wand of polymorph (3)
Scrolls
 l - 2 scrolls of remove curse
Potions
 d - a potion of might
 f - 2 potions of cancellation
 i - a potion of lignification
 k - 4 potions of curing
 m - 3 potions of flight
 q - a potion of mutation
Comestibles
 e - 3 bread rations
 g - 3 fruits
 t - 5 chunks of flesh


   Skills:
 - Level 3.0 Fighting
 + Level 9.7 Long Blades
 - Level 2.6 Armour
 - Level 2.6 Shields


You had 6 spell levels left.
You didn't know any spells.

Dungeon Overview and Level Annotations

Branches:
Dungeon (4/15)             Temple (1/1) D:4

Altars:
Cheibriados
Dithmenos
Elyvilon
Gozag
Kikubaaqudgha
Nemelex Xobeh
Trog
Vehumet
Yredelemnul

Annotations:
D:4 Dowan


Message History

You feel sick.
Dowan mumbles some strange words.
Dowan blinks!
Drink which item? (? for menu, Esc to quit)
You feel better. Dowan hits you with a dagger of venom.
You are poisoned.
You slash Dowan!
Dowan is moderately wounded.
You feel sick. Dowan gestures at you while chanting. The stone arrow hits you!
Dowan hits you but does no damage.
You are lethally poisoned!
Unknown command.
You hit Dowan.
Dowan is moderately wounded.
* * * LOW HITPOINT WARNING * * *
You feel sick. Dowan casts a spell at you. The shard of ice hits you!
You die...

##.###)..<...#
#.# ###.###.#
#.# #.# #.# #.#
#.# #.# #.# #.#
.>.####.#
.......%########
...####e@)......
#.###..... #.#
### #.# #.# #.#
#.# ..


You could see Dowan.

Vanquished Creatures
  Duvessa (D:4)
  2 phantoms (D:4)
  An orc priest (D:4)
  An orc wizard (D:3)
  2 worker ants
  Natasha (thrice) (D:3)
  An iguana (D:4)
  4 gnolls (D:3)
  8 adders
  An adder skeleton (D:4)
  2 worms
  A giant gecko (D:1)
  9 orcs
  10 hobgoblins
  2 jackals (D:2)
  2 quokkas (D:4)
  A ball python (D:4)
  8 bats
  12 giant newts
  5 goblins
  10 kobolds
  10 rats
96 creatures vanquished.

Notes
Turn   | Place    | Note
--------------------------------------------------------------
     0 | D:1      | kae the High Elf Fighter began the quest for the Orb.
     0 | D:1      | Reached XP level 1. HP: 16/16 MP: 2/2
   184 | D:1      | Reached XP level 2. HP: 1/21 MP: 3/3
  1014 | D:1      | Reached skill level 4 in Long Blades
  1197 | D:2      | Reached XP level 3. HP: 26/26 MP: 4/4
  1663 | D:2      | Reached skill level 5 in Long Blades
  1721 | D:2      | Reached XP level 4. HP: 15/31 MP: 5/5
  2642 | D:3      | Reached skill level 6 in Long Blades
  2957 | D:3      | Reached XP level 5. HP: 33/36 MP: 6/6
  3278 | D:3      | Reached skill level 7 in Long Blades
  3988 | D:3      | Noticed Natasha
  4184 | D:3      | Killed Natasha
  4239 | D:3      | Noticed Natasha
  4252 | D:3      | Killed Natasha
  4301 | D:3      | Noticed Natasha
  4303 | D:3      | Killed Natasha
  4310 | D:4      | Noticed a phantom
  4366 | D:3      | Noticed a phantom
  4521 | D:4      | Found a staircase to the Ecumenical Temple.
  4546 | Temple   | Entered the Ecumenical Temple
  4813 | D:4      | Reached XP level 6. HP: 35/42 MP: 7/7
  4836 | D:4      | Noticed a phantom
  4896 | D:4      | Killed a phantom
  4896 | D:4      | Reached skill level 8 in Long Blades
  4955 | D:4      | Killed a phantom
  5323 | D:4      | Reached skill level 9 in Long Blades
  5416 | D:4      | Found a basalt altar of Yredelemnul.
  5423 | D:4      | Reached XP level 7. HP: 39/46 MP: 8/8
  5510 | D:4      | Noticed Duvessa
  5511 | D:4      | Noticed Dowan
  5521 | D:4      | Killed Duvessa
  5524 | D:4      | Killed from afar by Dowan

Vault maps used:
D:1:      dpeg_arrival_houses_and_road
D:2:      minmay_misc_feat_cross, st_stairs_3
D:3:      uniq_natasha
D:4:      yredelemnul_altar_generic, minmay_temple_entry_junction2, uniq_duvessa
Temple:   minmay_temple_bridge_a_8

Action                   |  1- 3 |  4- 6 |  7- 9 || total
-------------------------+-------+-------+-------++-------
Melee: Long sword        |   139 |   286 |    14 ||   439
       Unarmed           |       |    15 |       ||    15
  Use: Scroll            |       |       |    10 ||    10
       Potion            |       |       |     1 ||     1
  Eat: Chunk             |     3 |     8 |       ||    11
       Bread ration      |       |     1 |       ||     1
